 Dungeon Crawl Stone Soup version 0.30-a0-900-g23479c02f2 (webtiles) character file.

Game seed: 5989916683245542299

13336 bobarctor the Thaumaturge (level 11, -1/68 HPs)
             Began as a Demonspawn Necromancer on Mar 18, 2023.
             Was a Believer of Kikubaaqudgha.
             Slain by a large slime creature (34 damage)
             ... on level 12 of the Dungeon.
             The game lasted 01:59:16 (19498 turns).

bobarctor the Thaumaturge (Demonspawn Necromancer) Turns: 19498, Time: 01:59:16

Health: -1/68      AC: 14    Str:  9    XL:     11   Next: 74%
Magic:  6/27       EV: 13    Int: 21    God:    Kikubaaqudgha [**....]
Gold:   461        SH:  0    Dex: 13    Spells: 1/35 levels left

rFire   . . .      SeeInvis +    l - +3 spear (venom)
rCold   . . .      Faith    .    (no shield)
rNeg    . . .      Spirit   .    O - +0 steam dragon scales
rPois   .          Reflect  .    (helmet unavailable)
rElec   .          Rampage  .    I - scarf {shadows}
rCorr   .                        (no gloves)
Will    +....                    j - +1 pair of boots
Stlth   ++                       (no amulet)
HPRegen 0.31/turn                f - +4 ring of protection
MPRegen 0.20/turn                y - ring of willpower

@: animating dead (expiring)
A: antennae 3, thin metallic scales 2, foul stench 1, powered by death 1
a: Renounce Religion, Unearth Wretches


You were on level 12 of the Dungeon.
You worshipped Kikubaaqudgha.
Kikubaaqudgha was pleased with you.
You visited 2 branches of the dungeon, and saw 13 of its levels.
You also visited: Bailey.

You collected 1361 gold pieces.
You spent 900 gold pieces at shops.

Inventory:

Hand Weapons
 c - a +0 shortbow
 l - a +3 spear of venom (weapon)
 u - a +2 antimagic spear
 v - a +2 dire flail of pain
 C - a +2 heavy mace
 F - a +0 whip of flaming
 Q - a +1 dagger of electrocution
 R - a +4 dire flail
 V - a +1 mace of protection
Missiles
 d - 2 curare-tipped darts
 m - 16 boomerangs
 r - 6 throwing nets
 K - 23 poisoned darts (quivered)
 T - 3 silver boomerangs
Armour
 h - a +0 cloak
 j - a +1 pair of boots (worn)
 D - a +0 robe
 I - a scarf of shadows (worn)
 M - a +2 robe of fire resistance
 O - +0 steam dragon scales (worn)
Magical Staves
 b - a staff of earth
 J - a staff of earth
Jewellery
 f - a +4 ring of protection (left hand)
 y - a ring of willpower (right hand)
 A - a ring of positive energy
 B - a ring of willpower
 W - a ring of protection from fire
Wands
 z - a wand of mindburst (23)
 E - a wand of paralysis (11)
 G - a wand of polymorph (8)
Scrolls
 g - 2 scrolls of vulnerability
 k - 8 scrolls of teleportation
 s - 3 scrolls of fog
 x - a scroll of magic mapping
 L - a scroll of blinking
 U - a scroll of noise
 Y - a scroll of enchant weapon
Potions
 a - 2 potions of curing
 e - 2 potions of berserk rage
 i - a potion of might
 n - 4 potions of brilliance
 o - 2 potions of heal wounds
 p - 2 potions of lignification
 q - a potion of ambrosia
 t - 6 potions of haste
 w - 3 potions of flight
 H - a potion of cancellation
 N - 2 potions of attraction
 P - 2 potions of mutation
 S - a potion of degeneration {unknown}
 X - a potion of magic


   Skills:
 + Level 0.1 Short Blades
 + Level 0.5 Throwing
 + Level 4.2 Dodging
 + Level 3.4 Stealth
 * Level 12.7 Spellcasting
 + Level 5.2 Conjurations
 + Level 5.5 Hexes
 + Level 10.9 Necromancy
 + Level 0.5 Air Magic
 + Level 0.1 Poison Magic


You had one spell level left.
You knew the following spells:

 Your Spells              Type           Power      Damage    Failure   Level
a - Necrotise             Necr           100%       1d9       1%          1
b - Vampiric Draining     Necr           56%        2d10      1%          3
c - Agony                 Necr           56%        N/A       1%          5
d - Dazzling Flash        Conj/Hex       72%        N/A       1%          3
e - Magic Dart            Conj           100%       1d8       1%          1
f - Searing Ray           Conj           70%        2d7       1%          2
g - Spider Form           Tmut/Pois      13%        N/A       14%         3
h - Sublimation of Blood  Necr           56%        N/A       1%          2
i - Cigotuvi's Dreadful   Necr/Pois/Air  58%        N/A       1%          2
j - Animate Dead          Necr           56%        N/A       1%          4
k - Anguish               Hex/Necr       24%        N/A       1%          4
l - Fulminant Prism       Conj/Hex       18%        3d10      5%          4

Your spell library contained the following spells:

 Spells                   Type           Power      Damage    Failure   Level
 Kiss of Death            Conj/Necr      100%       2d13      1%          1
 Beastly Appendage        Tmut           26%        N/A       4%          1
 Summon Small Mammal      Summ           52%        N/A       4%          1
 Tukima's Dance           Hex            36%        N/A       1%          3
 Ensorcelled Hibernation  Hex/Ice        50%        N/A       2%          2
 Portal Projectile        Hex/Tloc       50%        N/A       4%          3
 Summon Guardian Golem    Hex/Summ       25%        N/A       4%          3
 Wereblood                Tmut           13%        N/A       8%          2
 Call Canine Familiar     Summ           13%        N/A       14%         3
 Gell's Gravitas          Tloc           13%        N/A       14%         3
 Teleport Other           Tloc           13%        N/A       14%         3
 Silence                  Hex/Air        13%        N/A       36%         5
 Yara's Violent Unravell  Hex/Tmut       12%        3d7       41%         5
 Blade Hands              Tmut           6%         N/A       80%         5
 Enfeeble                 Hex            18%        N/A       99%         7
 Dispersal                Tloc           6%         N/A       100%        6


Dungeon Overview and Level Annotations

Branches:
Dungeon (12/15)            Temple (1/1) D:5            Lair (0/5) D:11
 Bailey (visited)
    Orc: D:9-12

Altars:
Ashenzari
Cheibriados
Dithmenos
Fedhas
Gozag
Hepliaklqana
Kikubaaqudgha
Makhleb
Nemelex Xobeh
Okawaru
Qazlal
Ru
Sif Muna
Trog
Uskayaw
Vehumet
Wu Jian
Xom
Yredelemnul

Shops:
D:6 :   D:8 (   D:12 :

Annotations:
D:11 exclusion: ice statue
Temple 2 transporters


Innate Abilities, Weirdness & Mutations

You have a pair of large antennae on your head. (SInv)
You are mostly covered in thin metallic scales. (AC +3)
You may rarely emit foul miasma when damaged in melee.
You regenerate a little health from kills.


Message History

The large slime creature hits you!
Unknown command.
Casting: Vampiric Draining (safe; 1% risk of failure)
Confirm with . or Enter, or press ? or * to list all spells.
Aiming: Vampiric Draining (safe; 1% risk of failure)
Press: ? - help, Shift-Dir - straight line, f/p - large slime creature
Aim: a large slime creature (moderately wounded)
You draw life force from the large slime creature!
You feel life coursing into your body.
The large slime creature hits you but does no damage.
Unknown command.
Casting: Vampiric Draining (safe; 1% risk of failure)
Confirm with . or Enter, or press ? or * to list all spells.
You can't see any susceptible monsters within range! (Use Z to cast anyway.)
Casting: Vampiric Draining (safe; 1% risk of failure)
Confirm with . or Enter, or press ? or * to list all spells.
Aiming: Vampiric Draining (safe; 1% risk of failure)
Press: ? - help, Shift-Dir - straight line, f/p - large slime creature
Aim: a large slime creature (heavily wounded)
You draw life force from the large slime creature!
You feel life coursing into your body!
The large slime creature closely misses you.
Unknown command.
Casting: Vampiric Draining (safe; 1% risk of failure)
Confirm with . or Enter, or press ? or * to list all spells.
Aiming: Vampiric Draining (safe; 1% risk of failure)
Press: ? - help, Shift-Dir - straight line, f/p - large slime creature
Aim: a large slime creature (heavily wounded)
You draw life force from the large slime creature.
You feel life coursing into your body. The large slime creature hits you!!!
Ouch! That really hurt!
Unknown command.
Your reaping aura is weakening.
The large slime creature attacks as you move away!
The large slime creature hits you but does no damage.
The large slime creature attacks as you move away!
The large slime creature hits you!!
Ouch! That really hurt!
You die...
Kikubaaqudgha rasps: "You have failed me!
Welcome... death!"

#..{.......'..#
#.#
#..........##.#
#.#
#.........)##.#
#.#
#.#####'#####Z#
#.# #.# #.# #.#
#.# #.# #.# #.#
#.# #.# #.# #.#
#.# #.#####.#
#.######.#
#...JJ@.#
#^.......#
#########
##########


You could see a large slime creature and a slime creature.

Vanquished Creatures
  A two-headed ogre (D:11)
  Pikel (D:7)
  A deep elf pyromancer (D:12)
  2 kobold demonologists (D:10)
  A hornet (D:7)
  Sigmund (D:2)
  4 slime creatures
  15 yaks
  A basilisk (D:11)
  Grum (Bailey)
  2 steam dragons
  3 water moccasins
  4 orc warriors
  2 black bears
  6 wolves (Bailey)
  3 centaurs
  3 phantoms
  A lemure (D:7)
  7 kobold brigands
  3 bullfrogs
  8 gnoll sergeants (Bailey)
  4 scorpions
  2 wights (D:10)
  7 killer bees
  An electric eel (D:10)
  3 howler monkeys
  6 hounds
  A jelly (D:4)
  6 gnoll boudas (Bailey)
  5 orc priests
  3 iguanas
  8 orc wizards
  A sleepcap (D:6)
  Natasha (thrice) (D:2)
  Robin (D:2)
  3 adders
  21 gnolls
  A shadow imp (D:6)
  2 white imps
  An ufetubus (D:5)
  A worm (D:4)
  3 dart slugs
  41 orcs
  6 bats
  3 endoplasms
  2 giant cockroaches (D:1)
  15 goblins
  15 hobgoblins
  3 jackals (D:2)
  24 kobolds
  4 quokkas
  7 ball pythons
  2 frilled lizards
  3 rats
278 creatures vanquished.

Vanquished Creatures (collateral kills)
  A bullfrog (D:6)
  A hound (Bailey)
  3 orcs
  An endoplasm (D:2)
  A goblin (D:10)
  A hobgoblin (D:10)
  A frilled lizard (D:1)
9 creatures vanquished.

Vanquished Creatures (others)
  A two-headed ogre (D:9)
  A cyclops (D:11)
  A manticore (D:11)
  A gargoyle (D:11)
  An efreet (D:9)
  A vampire (D:11)
  A wyvern (D:9)
  A yak (D:10)
  2 orc warriors
  3 wights
  A jelly (D:6)
  An orc zombie (D:8)
  An orc (D:6)
  A hobgoblin (D:2)
  3 fulminant prisms
  8 fungi (D:11)
  14 plants (D:11)
42 creatures vanquished.

Grand Total: 329 creatures vanquished

Notes
Turn   | Place    | Note
-------+----------+-------------------------------------------
     0 | D:1      | bobarctor the Demonspawn Necromancer began the quest for
                  | the Orb.
     0 | D:1      | Reached XP level 1. HP: 13/13 MP: 3/3
   252 | D:1      | Gained mutation: You regenerate a little health from kills.
                  | [demonic ancestry]
   252 | D:1      | Reached XP level 2. HP: 19/19 MP: 0/5
   342 | D:1      | Found a faded altar of an unknown god.
   925 | D:1      | Reached skill level 5 in Necromancy
  1132 | D:2      | Gained mutation: You are partially covered in thin metallic
                  | scales. (AC +2) [demonic ancestry]
  1132 | D:2      | Reached XP level 3. HP: 24/24 MP: 4/6
  1309 | D:2      | Noticed Natasha
  1335 | D:2      | Killed Natasha
  1336 | D:2      | Reached skill level 3 in Spellcasting
  1347 | D:2      | Learned a level 3 spell: Vampiric Draining
  1416 | D:2      | Gained mutation: You have a pair of small antennae on your
                  | head. [demonic ancestry]
  1416 | D:2      | Reached XP level 4. HP: 30/30 MP: 4/8
  1674 | D:2      | Noticed Robin
  1814 | D:2      | Killed Robin
  1939 | D:2      | Noticed Sigmund
  2374 | D:2      | Noticed Natasha
  2377 | D:2      | Killed Natasha
  2378 | D:2      | Reached skill level 4 in Spellcasting
  2378 | D:2      | Gained mutation: You may rarely emit foul miasma when
                  | damaged in melee. [demonic ancestry]
  2378 | D:2      | Reached XP level 5. HP: 35/35 MP: 8/11
  2678 | D:2      | Learned a level 5 spell: Agony
  2879 | D:3      | Found a hide-covered altar of Uskayaw.
  3016 | D:3      | Learned a level 3 spell: Dazzling Flash
  3603 | D:4      | Noticed a phantom
  3627 | D:4      | Killed a phantom
  3628 | D:4      | Reached XP level 6. HP: 32/41 MP: 12/12
  3831 | D:4      | Reached skill level 5 in Spellcasting
  3846 | D:4      | Learned a level 1 spell: Magic Dart
  3947 | D:4      | Reached skill level 1 in Conjurations
  4402 | D:4      | Gained mutation: You have a pair of antennae on your head.
                  | [demonic ancestry]
  4402 | D:4      | Reached XP level 7. HP: 25/46 MP: 15/15
  4522 | D:4      | Identified the +1 helmet of Xett {rC+ Stlth+}
  4857 | D:5      | Entered Level 5 of the Dungeon
  4879 | D:5      | Reached skill level 1 in Hexes
  4996 | D:5      | Reached skill level 6 in Spellcasting
  5817 | D:5      | Found a staircase to the Ecumenical Temple.
  5823 | Temple   | Entered the Ecumenical Temple
  5823 | Temple   | Found a transporter.
  5823 | Temple   | Found a transporter.
  5825 | Temple   | Found a transporter.
  5825 | Temple   | Found a transporter.
  5839 | Temple   | Became a worshipper of Kikubaaqudgha
  5994 | D:5      | Gained mutation: You have a pair of large antennae on your
                  | head. (SInv) [demonic ancestry]
  5994 | D:5      | Reached XP level 8. HP: 35/52 MP: 11/17
  6288 | D:6      | Reached skill level 7 in Spellcasting
  6421 | D:6      | Found Faclimak's Vocational Training.
  7008 | D:6      | Reached skill level 8 in Spellcasting
  7014 | D:6      | Reached XP level 9. HP: 26/57 MP: 3/21
  7654 | D:2      | Learned a level 2 spell: Searing Ray
  7658 | D:2      | Learned a level 3 spell: Spider Form
  7666 | D:2      | Killed Sigmund
  7857 | D:2      | Noticed Natasha
  7864 | D:2      | Killed Natasha
  7982 | D:7      | Found a sacrificial altar of Ru.
  8102 | D:7      | Reached skill level 9 in Spellcasting
  8636 | D:7      | Reached * piety under Kikubaaqudgha
  8636 | D:7      | Received a gift from Kikubaaqudgha
  8640 | D:7      | Learned a level 2 spell: Sublimation of Blood
  8643 | D:7      | Learned a level 2 spell: Cigotuvi's Dreadful Rot
  8648 | D:7      | Learned a level 4 spell: Animate Dead
  8723 | D:7      | Found a broken altar of Ashenzari.
  8743 | D:7      | Noticed Pikel
  9012 | D:7      | Killed Pikel
  9813 | D:8      | Found Viopt's Antique Weapon Boutique.
 10020 | D:8      | Gained mutation: You are mostly covered in thin metallic
                  | scales. (AC +3) [demonic ancestry]
 10020 | D:8      | Reached XP level 10. HP: 52/63 MP: 6/23
 10032 | D:8      | Reached skill level 10 in Spellcasting
 10172 | D:8      | Noticed a gargoyle
 11289 | D:9      | Noticed a cyclops
 11616 | D:10     | Entered Level 10 of the Dungeon
 11928 | D:10     | Found a flagged portal.
 11936 | Bailey   | Entered a bailey
 12707 | Bailey   | Noticed Grum
 12727 | Bailey   | HP: 2/63 [gnoll sergeant/+0 glaive (12)]
 12730 | Bailey   | Killed Grum
 12733 | Bailey   | HP: 1/63 [gnoll sergeant/+0 glaive (15)]
 12875 | Bailey   | Reached ** piety under Kikubaaqudgha
 13016 | Bailey   | Reached skill level 11 in Spellcasting
 13458 | Bailey   | Learned a level 4 spell: Anguish
 13664 | D:10     | Reached skill level 5 in Hexes
 14230 | D:10     | Found a basalt altar of Yredelemnul.
 14266 | D:10     | Reached skill level 10 in Necromancy
 14278 | D:10     | Reached XP level 11. HP: 35/67 MP: 1/26
 14418 | D:10     | Noticed an angel
 15172 | D:9      | Reached skill level 5 in Conjurations
 15335 | D:9      | Found a large runed translucent door.
 15335 | D:9      | Found a large runed translucent door.
 16396 | D:9      | Found an iron altar of Okawaru.
 16462 | D:9      | Found a shadowy altar of Dithmenos.
 16462 | D:9      | Noticed a two-headed ogre
 16470 | D:9      | Killed a two-headed ogre
 16672 | D:9      | Noticed a fire dragon
 16677 | D:9      | Noticed a tengu warrior
 16791 | D:9      | Identified the +10 trident of Kuxaso Mugew {chaos, rC+
                  | Str+3}
 16791 | D:9      | Identified the amulet of Eteilufe {Reflect Fly rN++ Int-4
                  | SH+5 Stlth+}
 16791 | D:9      | Noticed a centaur warrior
 17117 | D:11     | Reached skill level 12 in Spellcasting
 17369 | D:11     | Learned a level 4 spell: Fulminant Prism
 17628 | D:11     | Upgraded the game from 0.30-a0-883-g5ad918d77d to
                  | 0.30-a0-900-g23479c02f2
 17721 | D:11     | Found a staircase to the Lair.
 17724 | D:11     | Noticed a two-headed ogre
 17731 | D:11     | Killed a two-headed ogre
 18845 | D:12     | Noticed a deep elf pyromancer
 18852 | D:12     | Killed a deep elf pyromancer
 19146 | D:12     | Found Diott's Book Shoppe.
 19152 | D:12     | Bought a book of Callings for 360 gold pieces
 19152 | D:12     | Bought a There-And-Back Book for 540 gold pieces
 19498 | D:12     | Slain by a large slime creature

Illustrated notes

Levels and vault maps discovered:
D:1:      minmay_arrival_stone_box, layout_loops_ring, basic_ecumenical_altar
D:2:      minmay_spotlight, layout_loops_ring, nicolae_hexahallways,
          corexii_hall_statues_s, guppyfry_early_orc_mine, uniq_sigmund,
          uniq_robin, uniq_natasha
D:3:      layout_loops_cross, mainiacjoe_overflow_catwalk_spiral
D:4:      wad_river_or_something, layout_loops_cross
D:5:      layout_loops_ring, nicolae_overflow_crystal_walls,
          minmay_temple_entry_fiery
D:6:      layout_cave_pods, minmay_misc_feat_encased, minmay_misc_feat_alley,
          nicolae_shop_vocational
D:7:      layout_basic, nicolae_ru_awakened_eye, mainiacjoe_overflow_paths,
          uniq_pikel
D:8:      layout_basic, serial_shops, nicolae_shop_trees, grunt_ministairs_6
D:9:      minmay_sliced_demisemicircle, layout_basic, jmf_multi_god_temple2
D:10:     layout_irregular_city, grunt_temple_overflow_holy_war,
          serial_co_window_serial, co_window_corner_a, co_window_paths_a,
          co_window_paths_b, co_window_corner_a, co_window_of_opportunity_a,
          co_window_paths_b, co_window_corner_a, co_window_broadway_a,
          co_window_broadway_a, co_window_paths_c, co_window_broadway_c,
          glass_columns_b, enter_bailey_4, kennysheep_flooded_box,
          small_statue_intersection
D:11:     layout_basic, grunt_lair_entry_orc_guard_hut, minivault_16
D:12:     layout_basic, orc_0_dummy, serial_shops, nicolae_shop_statue_plus,
          uniq_josephine
Temple:   hellmonk_temple_divided_pantheon

Skill      XL: |  1  2  3  4  5  6  7  8  9 10 11 |
---------------+----------------------------------+-----
Necromancy     | 5 6 7 8 9 10 | 10.9
Spellcasting   | 3 4 5 6 8 9 11 12 | 12.7
Stealth        | 2 3 |  3.4
Conjurations   | 1 2 4 5 |  5.2
Dodging        | 2 3 4 |  4.2
Hexes          | 1 3 4 5 |  5.5
Short Blades   | |  0.1
Throwing       | |  0.5
Air Magic      | |  0.5
Poison Magic   | |  0.1

Action                     |  1- 3 |  4- 6 |  7- 9 | 10-12 || total
---------------------------+-------+-------+-------+-------++-------
  Melee: Dagger            |    13 |       |       |    25 ||    38
         Spear             |       |    77 |   107 |   310 ||   494
         Punch             |       |     1 |       |     6 ||     7
         Unarmed           |       |       |       |     4 ||     4
         Staff             |       |       |       |     1 ||     1
  Throw: Dart              |       |       |       |    31 ||    31
   Cast: Necrotise         |    61 |   124 |   159 |   170 ||   514
         Vampiric Draining |       |     1 |    32 |    99 ||   132
         Magic Dart        |       |       |    56 |    21 ||    77
         Agony             |       |       |     5 |     1 ||     6
         Cigotuvi's Dreadf |       |       |     2 |     4 ||     6
         Searing Ray       |       |       |     2 |     9 ||    11
         Animate Dead      |       |       |     1 |     3 ||     4
         Anguish           |       |       |       |    25 ||    25
         Spider Form       |       |       |       |     1 ||     1
         Dazzling Flash    |       |       |       |     1 ||     1
         Fulminant Prism   |       |       |       |     3 ||     3
 Invoke: Unearth Wretches  |       |       |       |     2 ||     2
    Use: Scroll            |       |       |     9 |    19 ||    28
         Potion            |       |       |     1 |     2 ||     3
   Stab: Sleeping          |       |     2 |       |     1 ||     3
         Distracted        |       |       |     1 |     1 ||     2
         Paralysed         |       |       |       |     3 ||     3
 Armour: Robe              |     8 |    47 |   103 |   117 ||   275
         Steam dragon scal |       |       |       |   142 ||   142
  Dodge: Dodged            |    20 |    67 |   142 |   421 ||   650

Table legend: (Time is in decaauts)
 A = Elapsed time spent in this place.
 B = Non-inter-level travel time spent in this place.
 C = Inter-level travel time spent in this place.
 D = Time resting spent in this place.
 E = Time spent auto-exploring this place.
 F = Levels seen in this place.
 G = Mean time per level.
                   A        B        C        D        E       F      G
               +--------+--------+--------+--------+--------+-----+--------+
         Total |  19783 |  19033 |    750 |   6235 |   8929 |  14 | 1413.1 |
       Dungeon |  18160 |  17410 |    750 |   5450 |   8608 |  12 | 1513.3 |
        Temple |     40 |     40 |      0 |      0 |      0 |   1 |   40.0 |
        Bailey |   1582 |   1582 |      0 |    785 |    321 |   1 | 1582.0 |
               +--------+--------+--------+--------+--------+-----+--------+

Top non-repeatable levels by time:
    D:10: 2283 daAuts
     D:9: 1862 daAuts
     D:7: 1857 daAuts
    D:11: 1802 daAuts
     D:2: 1753 daAuts
     D:8: 1651 daAuts
  Bailey: 1582 daAuts
     D:4: 1561 daAuts
     D:6: 1483 daAuts
     D:1: 1274 daAuts
     D:5: 1239 daAuts
     D:3: 739 daAuts
    D:12: 651 daAuts
  Temple: 40 daAuts
